 Dungeon Crawl Stone Soup version 0.31-a0-1001-g770356a28f (webtiles) character file.

Game seed: 16646762778243904731

121 Maratek the Trooper (level 4, -4/40 HPs)
             Began as a Draconian Fighter on Nov 8, 2023.
             Succumbed to a scorpion's poison
             ... on level 4 of the Dungeon.
             The game lasted 00:02:48 (1845 turns).

Maratek the Trooper (Draconian Fighter)             Turns: 1845, Time: 00:02:49

Health: -4/40      AC:  5    Str: 20    XL:     4   Next: 76%
Magic:  4/4        EV: 12    Int:  9    God:
Gold:   160        SH:  4    Dex: 10    Spells: 3/3 levels left

rFire   . . .        a - +0 trident
rCold   . . .        b - +0 buckler
rNeg    . . .        (body armour unavailable)
rPois   .            (helmet restricted)
rElec   .            (no cloak)
rCorr   .            (no gloves)
SInv    .            (no boots)
Will    .....        (no amulet)
Stlth   +            i - +4 ring of slaying
HPRegen 0.26/turn    (no ring)
MPRegen 0.09/turn

%: no passive effects
@: mighty, lethally poisoned (-4 -> -27)
A: AC +5, unfitting armour, cold-blooded
a: no special abilities


You were on level 4 of the Dungeon.
You visited 1 branch of the dungeon, and saw 4 of its levels.

You collected 160 gold pieces.

Inventory:

Hand Weapons
 a - a +0 trident (weapon)
Armour
 b - a +0 buckler (worn)
Jewellery
 i - a +4 ring of slaying (left hand)
Scrolls
 g - a scroll of fog
 j - 2 scrolls of revelation
 l - a scroll of teleportation


   Skills:
 + Level 4.0 Fighting
 + Level 3.6 Polearms
 + Level 3.2 Dodging
 + Level 0.6 Stealth
 + Level 3.4 Shields


You had 3 spell levels left.
You didn't know any spells.
Your spell library contained the following spells:

 Spells                   Type           Power      Damage    Failure   Level
 Gell's Gravitas          Tloc           0%         N/A       83%         3
 Teleport Other           Tloc           0%         N/A       83%         3
 Volatile Blastmotes      Fire/Tloc      0%         2d10      83%         3
 Fulminant Prism          Conj/Hex       0%         3d5       99%         4
 Iskenderun's Mystic Bla  Conj/Tloc      0%         2d3       99%         4
 Dispersal                Tloc           0%         N/A       100%        6


Dungeon Overview and Level Annotations

Branches:
Dungeon (4/15)
 Temple: D:4-7

Altars:

Annotations:
D:2 Robin, Terence


Innate Abilities, Weirdness & Mutations

Your plain brown scales are hard. (AC +5)
You cannot fit into any form of body armour.
You are cold-blooded and may be slowed by cold attacks.


Message History

The scorpion is heavily wounded.
You feel very sick.
The scorpion stings you but does no damage.
You are too injured to fight recklessly!
You are too injured to fight recklessly!
You are too injured to fight recklessly!
You are too injured to fight recklessly!
You are too injured to fight recklessly!
You are too injured to fight recklessly!
You are too injured to fight recklessly!
You are too injured to fight recklessly!
You are too injured to fight recklessly!
You are too injured to fight recklessly!
You are too injured to fight recklessly!
You are too injured to fight recklessly!
You are too injured to fight recklessly!
You are too injured to fight recklessly!
You are too injured to fight recklessly!
You closely miss the scorpion.
The scorpion is heavily wounded.
You feel sick. The scorpion barely misses you. You block the scorpion's attack.
You hit the scorpion.
The scorpion is heavily wounded.
You feel sick. The scorpion closely misses you.
You barely miss the scorpion.
The scorpion is heavily wounded.
You feel sick. The scorpion stings you.
* * * LOW HITPOINT WARNING * * *
You are lethally poisoned!
The scorpion poisons you! The scorpion stings you.
* * * LOW HITPOINT WARNING * * *
You are more poisoned.
The scorpion poisons you!
As you read the scroll labelled JEGOED NONEZ, it crumbles to dust.
You assume a fearsome visage.
The scorpion looks frightened!
It was a scroll of fear.
* * * LOW HITPOINT WARNING * * *
You feel very sick.
You feel very mighty all of a sudden.
You die...

#.#.###.#### ##
#.....#.# #.
#.###.#.# #. #.#
.#.# #? #.###.#.#
#.####†..#.#.#
#s#........#.#
#=####.#.####.###.#
.......@....#...#.#
....##.#######..#.#
[ #~# ##.#.# #~
#.#.# # ###.# #...#
#.>#######
#.........
##.#####.#


You could see a scorpion (fleeing).

Vanquished Creatures
  An iguana (D:4)
  3 adders
  A worm (D:2)
  3 dart slugs
  4 orcs
  2 endoplasms
  3 giant cockroaches
  6 goblins
  6 hobgoblins
  5 kobolds
  4 ball pythons
  5 bats
  2 frilled lizards (D:1)
  8 rats
53 creatures vanquished.

Notes
Turn   | Place    | Note
-------+----------+-------------------------------------------
     0 | D:1      | Maratek the Draconian Fighter began the quest for the Orb.
     0 | D:1      | Reached XP level 1. HP: 19/19 MP: 1/1
   189 | D:1      | Reached XP level 2. HP: 16/26 MP: 2/2
   829 | D:2      | Reached XP level 3. HP: 28/33 MP: 3/3
   951 | D:2      | Noticed Terence
   951 | D:2      | Noticed Robin
   959 | D:3      | Found a faded altar of an unknown god.
  1245 | D:3      | Reached XP level 4. HP: 40/40 MP: 4/4
  1803 | D:4      | Reached skill level 4 in Fighting
  1835 | D:4      | Noticed a scorpion
  1844 | D:4      | HP: 2/40 [poisoned by a scorpion]
  1845 | D:4      | Succumbed to a scorpion's poison

Illustrated notes

Levels and vault maps discovered:
D:1:      giann_forest_graveyard, layout_loops_ring, st_stairs_10
D:2:      layout_loops_corners, minmay_pentomino_p2, uniq_terence, uniq_robin,
          uniq_crazy_yiuf_cottage
D:3:      layout_basic, nicolae_ecumenical_pavilion
D:4:      dreamdust_elfheim, layout_basic, gup_sewer_entry_spiral,
          kennysheep_generic_room_16

Skill      XL: |  1  2  3  4 |
---------------+-------------+-----
Dodging        | 3 |  3.2
Polearms       | 3 |  3.6
Fighting       | 4 |  4.0
Stealth        | |  0.6
Shields        | |  3.4

Action                     |  1- 3 |  4- 6 || total
---------------------------+-------+-------++-------
  Melee: Trident           |   109 |    41 ||   150
         Tailslap          |     5 |     1 ||     6
    Use: Scroll            |       |     5 ||     5
         Potion            |       |     5 ||     5
   Stab: Sleeping          |     3 |       ||     3
 Armour: Skin              |    38 |    17 ||    55
  Dodge: Dodged            |    46 |    13 ||    59
  Block: Buckler           |    19 |    11 ||    30

Table legend: (Time is in decaauts)
 A = Elapsed time spent in this place.
 B = Non-inter-level travel time spent in this place.
 C = Inter-level travel time spent in this place.
 D = Time resting spent in this place.
 E = Time spent auto-exploring this place.
 F = Levels seen in this place.
 G = Mean time per level.
                   A        B        C        D        E       F      G
               +--------+--------+--------+--------+--------+-----+--------+
         Total |   1868 |   1800 |     68 |     12 |   1441 |   4 |  467.0 |
       Dungeon |   1868 |   1800 |     68 |     12 |   1441 |   4 |  467.0 |
               +--------+--------+--------+--------+--------+-----+--------+

Top non-repeatable levels by time:
     D:3: 796 daAuts
     D:1: 700 daAuts
     D:2: 277 daAuts
     D:4: 93 daAuts
